 Dungeon Crawl Stone Soup version 0.20.1-1-g8b1a95d (webtiles) character file.

65 slep the Skirmisher (level 3, 0/29 HPs)
             Began as a Demonspawn Fighter on Oct 27, 2017.
             Slain by a gnoll
             ... wielding a +0 halberd
              (10 damage)
             ... on level 2 of the Dungeon.
             The game lasted 00:04:28 (739 turns).

slep the Skirmisher (Demonspawn Fighter)             Turns: 739, Time: 00:04:28

Health: 0/29       AC:  6    Str: 16    XL:     3   Next: 92%
Magic:  3/3        EV:  7    Int:  9    God:
Gold:   62         SH: 13    Dex: 13    Spells: 2/2 levels left

rFire    . . .     SeeInvis .   a - +0 long sword
rCold    . . .     Gourm    .   c - +0 shield
rNeg     . . .     Faith    .   b - +0 scale mail
rPois    .         Spirit   .   (helmet restricted)
rElec    .         Reflect  +   (no cloak)
rCorr    .         Harm     .   (no gloves)
MR       .....                  (no boots)
Stlth    ..........             n - +4 amulet of reflection
Regen    0.1/turn               (no ring)
MPRegen  0.1/turn               (no ring)

@: no status effects
A: antennae 1
a: no special abilities


You were on level 2 of the Dungeon.
You were not hungry.

You visited 1 branch of the dungeon, and saw 2 of its levels.

You collected 62 gold pieces.

Inventory:

Hand Weapons
 a - a +0 long sword (weapon)
Armour
 b - a +0 scale mail (worn)
 c - a +0 shield (worn)
Jewellery
 n - a +4 amulet of reflection (around neck)
Scrolls
 e - 4 scrolls of identify {unknown}
 g - a scroll of enchant weapon {unknown}
 i - 2 scrolls of teleportation {unknown}
 k - a scroll of fear {unknown}
 l - 2 scrolls of remove curse {unknown}
 o - a scroll of recharging {unknown}
Potions
 d - a potion of might
 h - 2 potions of brilliance {unknown}
Comestibles
 f - 4 bread rations
 j - 2 meat rations
 m - 9 chunks of flesh


   Skills:
 + Level 3.2 Fighting
 + Level 2.8 Long Blades
 + Level 3.0 Armour
 + Level 0.1 Dodging
 + Level 3.2 Shields


You had 2 spell levels left.
You didn't know any spells.

Dungeon Overview and Level Annotations

Branches:
Dungeon (2/15)

Altars:
Makhleb


Innate Abilities, Weirdness & Mutations

You have a pair of small antennae on your head.


Message History

The gnoll shouts!
You slash the jackal!
You kill the jackal!
The gnoll hits you from afar with a spear.
You hit the gnoll.
The gnoll is severely wounded.
You block the gnoll's attack.
The gnoll hits you but does no damage. x2
The gnoll barely misses you.
You hit the gnoll but do no damage.
The gnoll is severely wounded.
You block the gnoll's attack.
The gnoll hits you from afar with a spear.
The gnoll barely misses you.
You slash the gnoll!
You kill the gnoll!
The gnoll hits you but does no damage. You block the gnoll's attack.
The gnoll hits you from afar with a spear.
You block the gnoll's attack.
The gnoll hits you from afar with a halberd!
You die...

#.....).#.# #.##....#.#
##..#†#.####
#....).....#
#...(...g..#
#.......w..#
#...<...g..# #
#.......g..# #
#.........@# # .#
#..........### ##.#
#####.##.....# ...######
####.#...# .#.......
#4#......#
.###....########...#####
........#1#_...........#
........#######........#
..........#3#..........#


You could see a worm and 3 gnolls.

Vanquished Creatures
  A gnoll (D:2)
  An ooze (D:2)
  A worm (D:2)
  2 leopard geckos (D:1)
  A ball python (D:1)
  4 bats (D:1)
  5 giant cockroaches
  4 goblins
  4 hobgoblins
  7 jackals
  4 kobolds
  2 frilled lizards (D:2)
  3 rats
39 creatures vanquished.

Notes
Turn   | Place    | Note
-------+----------+-------------------------------------------
     0 | D:1      | slep the Demonspawn Fighter began the quest for the Orb.
     0 | D:1      | Reached XP level 1. HP: 18/18 MP: 1/1
   100 | D:1      | Gained mutation: You have a pair of small antennae on your head. [demonic ancestry]
   100 | D:1      | Reached XP level 2. HP: 21/24 MP: 2/2
   479 | D:1      | Reached XP level 3. HP: 26/29 MP: 3/3
   696 | D:2      | Found a burning altar of Makhleb.
   696 | D:2      | Noticed an Executioner
   700 | D:2      | Noticed a hellwing
   700 | D:2      | Noticed a neqoxec
   739 | D:2      | Slain by a gnoll

Skill      XL: |  1  2 |
---------------+-------+-----
Long Blades    | 2 |  2.8
Shields        | 3 |  3.2
Armour         | 3 |  3.0
Fighting       | |  3.2
Dodging        | |  0.1

Action                   || total
-------------------------++-------
Melee: Long sword        ||   117
Armor: Scale mail        ||    58
Dodge: Dodged            ||    25
Block: Shield            ||    77
       Rpst.: Long sword ||     7
